 Dungeon Crawl Stone Soup version 0.31.0-32-g396128a36d (webtiles) character file.

Game seed: 3989998025986914966

2057 KittyFluff the Ruffian (level 9, -18/85 HPs)
             Began as a Troll Shapeshifter on Apr 1, 2024.
             Demolished by an ogre
             ... wielding a +0 giant club
              (26 damage)
             ... on level 6 of the Dungeon.
             The game lasted 00:23:00 (5843 turns).

KittyFluff the Ruffian (Troll Shapeshifter)         Turns: 5843, Time: 00:23:01

Health: -18/85     AC:  4    Str: 30    XL:     9   Next: 5%
Magic:  8/8        EV: 11    Int:  6    God:
Gold:   247        SH:  0    Dex: 13    Spells: 8/8 levels left

rFire   . .          .
                       - Unarmed
rCold   . . .        (no shield)
rNeg    . . .        a - +0 animal skin
rPois   +            (helmet currently unavailable)
rElec   .            (cloak currently unavailable)
rCorr   .            (gloves unavailable)
SInv    .            (boots unavailable)
Will    .....        (no amulet)
Stlth   +            h - +6 ring of strength
HPRegen 1.14/turn    p - ring of poison resistance
MPRegen 0.11/turn

%: no passive effects
@: mighty, beast-form
A: beast (slay +3), large, unfitting armour, claws 3, regeneration 1, shaggy fur
1, tough skin 1
a: Begin Untransformation


You were on level 6 of the Dungeon.
You were a hulking beast.
You visited 2 branches of the dungeon, and saw 7 of its levels.

You collected 247 gold pieces.

Inventory:

Hand Weapons
 m - a +0 morningstar
 n - a +2 whip of freezing
 t - a +0 sling
Missiles
 f - 24 stones (quivered)
 r - 6 boomerangs
 s - 2 poisoned darts
Armour
 a - a +0 animal skin (worn)
 C - a +0 tower shield
 D - a scarf of resistance
 I - a +0 cloak
Jewellery
 h - a +6 ring of strength (left claw)
 p - a ring of poison resistance (right claw)
 G - an amulet of magic regeneration
Talismans
 c - a beast talisman
 d - a flux talisman
 u - a flux talisman
Wands
 A - a wand of flame (27)
 B - a wand of polymorph (20)
Scrolls
 k - 2 scrolls of immolation {unknown}
 q - a scroll of enchant weapon {unknown}
 y - 2 scrolls of enchant armour {unknown}
 z - a scroll of identify {unknown}
 E - a scroll of blinking {unknown}
 F - a scroll of noise {unknown}
 H - a scroll of vulnerability {unknown}
Potions
 b - 3 potions of lignification
 e - 2 potions of curing
 g - 3 potions of ambrosia {unknown}
 i - 2 potions of might
 j - a potion of heal wounds {unknown}
 l - 3 potions of attraction {unknown}
 o - a potion of mutation {unknown}
 v - a potion of enlightenment {unknown}
 w - a potion of brilliance {unknown}
 x - a potion of invisibility {unknown}


   Skills:
 + Level 4.7 Fighting
 + Level 1.4 Maces & Flails
 + Level 4.9 Dodging
 + Level 1.8 Shields
 + Level 6.4 Unarmed Combat
 + Level 6.0 Shapeshifting


You had 8 spell levels left.
You didn't know any spells.
Your spell library contained the following spells:

 Spells                   Type           Power      Damage    Failure   Level
 Foxfire                  Conj/Fire      0%         2x1d4     45%         1
 Static Discharge         Conj/Air       0%         3-3/arc   58%         2
 Lehudib's Crystal Spear  Conj/Erth      0%         10d2      100%        8
 Fire Storm               Conj/Fire      0%         5d1       100%        9


Dungeon Overview and Level Annotations

Branches:
Dungeon (6/15)             Temple (1/1) D:4

Altars:
Ashenzari
Cheibriados
Dithmenos
Elyvilon
Fedhas
Gozag
Okawaru
Ru
Sif Muna
Uskayaw
Vehumet
Wu Jian
Xom
Zin
The Shining One

Shops:
D:4 (


Innate Abilities, Weirdness & Mutations

You are a hulking beast.
Your limbs bulge with bestial killing power. (Slay +3)
You are too large for most types of armour.
You have claws for hands.
Your natural rate of healing is unusually fast.
You are covered in fur. (AC +1)
You have tough skin. (AC +1)


Message History

* * * LOW HITPOINT WARNING * * *
You have reached level 9!
Your experience leads to an increase in your attributes!
Your base attributes are Str 23, Int 6, Dex 11.
Increase (S)trength, (I)ntelligence, or (D)exterity?
You feel agile. x2; You feel stronger.
You feel better.
The killer bee stings you but does no damage.
The killer bee stings you.
* * * LOW HITPOINT WARNING * * *
You barely miss the killer bee. The killer bee stings you.
* * * LOW HITPOINT WARNING * * *
The killer bee stings you.
* * * LOW HITPOINT WARNING * * *
You scratch the killer bee.
The killer bee is lightly wounded.
The killer bee misses you. The killer bee barely misses you.
You miss the killer bee.
The killer bee is lightly wounded.
The killer bee barely misses you. The killer bee closely misses you.
It was a potion of might.
You feel very mighty all of a sudden. The killer bee barely misses you.
The killer bee stings you!
* * * LOW HITPOINT WARNING * * *
You mangle the killer bee!!
You kill the killer bee!
The killer bee stings you.
* * * LOW HITPOINT WARNING * * *
The centaur shouts!
You mangle the killer bee!!
You kill the killer bee!
You claw the ogre!
The ogre is heavily wounded.
You claw the ogre!
The ogre is almost dead.
The ogre barely misses you.
You barely miss the ogre.
The ogre is almost dead.
The ogre hits you with a +0 giant club!!
You die...

#..####..#......# #. +..
............# ... #..
..........# ####.##
#...#..####..#....# #.....#..
#...#....##..#....# #.....#...
##.................###.........
..............##..........#..#
##.#...#.##...##.............
.......#.##...hOc.........#
#...#<##...##..........#
+........####..........#
#...#.#### #....#..#...#
............# #..............
###.#....#.........#......#..!#
......###...##................
.##.##. ...##...........^. .#
#. #. ...[.....#......#.. .


You could see an ogre and a centaur.

Vanquished Creatures
  Prince Ribbit (D:5)
  Grinder (D:5)
  Sigmund (D:2)
  A water moccasin (D:5)
  Edmund (D:5)
  An ice beast (D:6)
  Blork the orc (D:4)
  A scorpion (D:4)
  5 killer bees (D:6)
  A vampire bat (D:3)
  A bombardier beetle (D:5)
  2 hounds
  A jelly (D:6)
  An orc priest (D:4)
  4 iguanas (D:4)
  7 orc wizards
  Natasha (thrice) (D:4)
  4 gnolls (D:4)
  3 adders
  2 ufetubi (D:5)
  3 dart slugs
  3 fire bats (D:3)
  A ribbon worm (D:2)
  10 orcs
  2 spectral bats (D:3)
  5 ball pythons
  3 bat skeletons (D:3)
  A bat zombie (D:3)
  7 endoplasms
  2 giant cockroaches (D:2)
  16 goblins
  11 hobgoblins
  2 jackals (D:1)
  A quokka (D:4)
  14 bats
  A bat simulacrum (D:3)
  3 frilled lizards
  5 kobolds
  7 rats
139 creatures vanquished.

Vanquished Creatures (others)
  An orc wizard (D:4)
1 creature vanquished.

Grand Total: 140 creatures vanquished

Notes
Turn   | Place    | Note
-------+----------+-------------------------------------------
     0 | D:1      | KittyFluff the Troll Shapeshifter began the quest for the
                  | Orb.
     0 | D:1      | Reached XP level 1. HP: 18/18 MP: 0/0
   173 | D:1      | Reached skill level 1 in Fighting
   252 | D:1      | Reached XP level 2. HP: 27/27 MP: 1/1
  1236 | D:2      | Reached XP level 3. HP: 33/33 MP: 2/2
  1672 | D:2      | Noticed Sigmund
  1681 | D:2      | Killed Sigmund
  1682 | D:2      | Reached XP level 4. HP: 42/42 MP: 3/3
  1682 | D:2      | Reached XP level 5. HP: 49/49 MP: 4/4
  2347 | D:3      | Found a shadowy altar of Dithmenos.
  2434 | D:3      | Reached XP level 6. HP: 59/59 MP: 5/5
  2483 | D:3      | Found a faded altar of an unknown god.
  2572 | D:3      | Found a shimmering altar of Xom.
  2572 | D:3      | Found a shimmering altar of Xom.
  2572 | D:3      | Found a shimmering altar of Xom.
  2573 | D:3      | Found a shimmering altar of Xom.
  2574 | D:3      | Found a shimmering altar of Xom.
  3042 | D:3      | Found a shimmering altar of Xom.
  3045 | D:3      | Found a shimmering altar of Xom.
  3167 | D:3      | Found a white marble altar of Elyvilon.
  3170 | D:3      | Found an iron altar of Okawaru.
  3175 | D:3      | Found a radiant altar of Vehumet.
  3458 | D:4      | Reached XP level 7. HP: 17/66 MP: 6/6
  3699 | D:4      | Found a staircase to the Ecumenical Temple.
  3727 | Temple   | Entered the Ecumenical Temple
  3937 | D:4      | Reached skill level 5 in Unarmed Combat
  4013 | D:4      | Noticed Natasha
  4023 | D:4      | Killed Natasha
  4183 | D:4      | Noticed Natasha
  4190 | D:4      | Killed Natasha
  4203 | D:4      | Reached skill level 5 in Shapeshifting
  4293 | D:4      | Found Deimyila's Weapon Emporium.
  4304 | D:4      | Noticed Blork the orc
  4313 | D:4      | Killed Blork the orc
  4455 | D:4      | Found an ornate altar of the Wu Jian Council.
  4481 | D:4      | Noticed Natasha
  4487 | D:4      | Killed Natasha
  4702 | D:5      | Entered Level 5 of the Dungeon
  4757 | D:5      | Noticed Grinder
  4760 | D:5      | Noticed Prince Ribbit
  4769 | D:5      | Killed Grinder
  4770 | D:5      | Reached XP level 8. HP: 54/78 MP: 7/7
  4788 | D:5      | Killed Prince Ribbit
  4935 | D:5      | Got the Discourse on Trauma
  4976 | D:5      | Noticed Edmund
  4999 | D:5      | Killed Edmund
  5567 | D:5      | Found a shimmering blue altar of Sif Muna.
  5586 | D:5      | Reached skill level 1 in Shields
  5778 | D:6      | Reached skill level 1 in Maces & Flails
  5834 | D:6      | Reached XP level 9. HP: 12/85 MP: 8/8
  5839 | D:6      | HP: 4/85 [killer bee (4)]
  5843 | D:6      | Demolished by an ogre

Illustrated notes

Levels and vault maps discovered:
D:1:      nicolae_arrival_somewhat_less_tricky_arrival, layout_basic,
          nicolae_houndstooth_variations
D:2:      minmay_general_purpose_star, layout_loops_ring,
          nicolae_elevator_lobby_plus, uniq_sigmund
D:3:      layout_basic, nicolae_dithmenos_through_a_glass_darkly,
          xom_redecorated, grunt_temple_overflow_diamond,
          shapermc_ecumenical_altar_flowoftime, hangedman_decor_clover_reticule,
          goddamned_bats
D:4:      cheibrodos_greedy_goblins, layout_gridville, kennysheep_little_box,
          minmay_temple_entry_tees, serial_shops, nicolae_shop_tiny_glass,
          chequers_serial_rivers_micro_a, uniq_blork_the_orc, uniq_natasha
D:5:      layout_basic, mainiacjoe_overflow_six_doors_small, uniq_edmund,
          uniq_grinder, uniq_prince_ribbit1
D:6:      layout_basic, nemelex_altar_shiori,
          serial_library_hellmonk_angled_corner, small_statue_intersection,
          minmay_misc_feat_plants
Temple:   nicolae_temple_colour_theory

Skill      XL: |  1  2  3  4  5  6  7  8 |
---------------+-------------------------+-----
Fighting       | 1 2 4 |  4.7
Dodging        | 2 3 4 |  4.9
Unarmed Combat | 4 5 6 |  6.4
Shapeshifting  | 4 5 6 |  6.0
Shields        | 1 |  1.8
Maces & Flails | 1 |  1.4

Action                     |  1- 3 |  4- 6 |  7- 9 || total
---------------------------+-------+-------+-------++-------
  Melee: Unarmed           |    64 |   110 |   184 ||   358
         Punch             |     1 |     3 |     6 ||    10
  Throw: Stone             |       |       |    14 ||    14
    Use: Potion            |       |       |     3 ||     3
   Stab: Sleeping          |       |       |     1 ||     1
 Armour: Animal skin       |    23 |   109 |   158 ||   290
  Dodge: Dodged            |    33 |    69 |    86 ||   188
